 Dungeon Crawl Stone Soup version 0.29-a0-103-g37f86683bf (webtiles) character file.

Game seed: 7632848903608668806

32 kae the Ruffian (level 3, -1/24 (28) HPs)
             Began as a Draconian Transmuter on Feb 15, 2022.
             Slain by a necrophage (2 damage)
             ... on level 2 of the Dungeon.
             The game lasted 00:00:39 (1502 turns).

kae the Ruffian (Draconian Transmuter)              Turns: 1502, Time: 00:00:40

HP:   -1/24 (28)    AC:  2    Str: 12    XL:     3   Next: 10%
MP:   3/6           EV: 19    Int: 15    God:
Gold: 62            SH:  0    Dex: 16    Spells: 2/6 levels left

rFire   . . .      SeeInvis .     - Unarmed
rCold   . . .      Faith    .   (shield currently unavailable)
rNeg    . . .      Spirit   .   (armour unavailable)
rPois   x          Reflect  .   (helmet currently unavailable)
rElec   .          Harm     .   (cloak currently unavailable)
rCorr   .          Rampage  .   (gloves currently unavailable)
Will    .....                   (boots currently unavailable)
Stlth   +.........              j - amulet of the acrobat
HPRegen 0.08/turn               (no ring)
MPRegen 0.10/turn               (no ring)

@: spider-form (expiring), heavily drained
A: venomous fangs, AC +5, tiny, unfitting armour, (cold-blooded)
a: End Transformation


You were on level 2 of the Dungeon.
You were a venomous arachnid creature.
You visited 1 branch of the dungeon, and saw 2 of its levels.

You collected 62 gold pieces.

Inventory:

Jewellery
 j - an amulet of the acrobat (around neck)
Scrolls
 c - a scroll of magic mapping
Potions
 a - 2 potions of heal wounds
 g - a potion of brilliance {unknown}


   Skills:
 + Level 1.5 Fighting
 + Level 2.0 Dodging
 * Level 3.3 Unarmed Combat
 + Level 2.1 Spellcasting
 * Level 2.6 Transmutations
 * Level 0.0 Poison Magic


You had 2 spell levels left.
You knew the following spells:

 Your Spells              Type           Power      Damage    Failure   Level
a - Beastly Appendage     Tmut           18%        N/A       21%         1
b - Spider Form           Tmut/Pois      5%         N/A       58%         3

Your spell library contained the following spells:

 Spells                   Type           Power      Damage    Failure   Level
 Wereblood                Tmut           9%         N/A       26%         2
 Shock                    Conj/Air       4%         1d3       43%         1
 Swiftness                Air            1%         N/A       75%         3
 Ice Form                 Ice/Tmut       5%         N/A       90%         4
 Airstrike                Air            0%         N/A       98%         4


Dungeon Overview and Level Annotations

Branches:
Dungeon (2/15)

Altars:


Innate Abilities, Weirdness & Mutations

You are a venomous arachnid creature.
You have poisonous fangs.
You are tiny and dextrous.
Your spellcasting is less reliable in this form.
Your armour is entirely melded.
You are incapable of wielding weapons or throwing items.
((Your plain brown scales are hard. (AC +5)))
You cannot fit into any form of body armour.
((You are cold-blooded and may be slowed by cold attacks.))


Message History

You barely miss the necrophage.
The necrophage is lightly damaged.
You hit the necrophage but do no damage.
The necrophage is lightly damaged.
The necrophage closely misses you. The rat bites you but does no damage.
You closely miss the necrophage.
The necrophage is lightly damaged.
The necrophage hits you.
You feel drained. The rat bites you but does no damage.
You are too injured to fight recklessly!
Casting: Beastly Appendage (safe; 8% risk of failure)
Confirm with . or Enter, or press ? or * to list all spells.
The spell is extremely dangerous to miscast (36% risk of failure)!
Continue anyway? [Y]es or [N]o only, please.
The spell is extremely dangerous to miscast (36% risk of failure)!
Continue anyway?
You turn into a venomous arachnid creature.
The necrophage hits you but does no damage.
You hit the necrophage.
The necrophage is moderately damaged.
The necrophage closely misses you.
You hit the necrophage.
The necrophage is heavily damaged.
The necrophage closely misses you.
You hit the necrophage.
The necrophage is severely damaged.
The necrophage hits you!
* * * LOW HITPOINT WARNING * * *
You hit the necrophage.
The necrophage is severely damaged.
The necrophage misses you.
You completely miss the necrophage.
The necrophage is severely damaged.
Your transformation is almost over.
The necrophage misses you.
You barely miss the necrophage.
The necrophage is severely damaged.
The necrophage hits you.
* * * LOW HITPOINT WARNING * * *
You feel drained.
You die...

***,,,,,,* *,,,,,,,,*
*,***,*##*******
####*,###,..,,,,,,,,
#..,,,...,.##,,,,,,,
#.#####.#...#,,,,,,,
###.....#.#...#,**,,,,
#....##.#<....#,**,,,,
#.#..snr..#...#,**,,,,
#.#).##.#....##,**,,,,
#>...............,,,,,
###.#####.#######*,,,,
#..,,,#.# *,,,,,,,,,
###**,#.# *,,,,,,,,,
***,#.# *,,,,,,,,,
*,,,..# *,,,,,,,,,
*,,,,,* *,,,,,,,,,


You could see a necrophage and a rat.

Vanquished Creatures
  A dart slug (D:1)
  4 ball pythons (D:1)
  2 giant cockroaches (D:1)
  7 goblins
  A hobgoblin (D:1)
  3 kobolds (D:1)
  A quokka (D:1)
  2 bats (D:1)
  2 frilled lizards (D:1)
  4 rats (D:1)
27 creatures vanquished.

Notes
Turn   | Place    | Note
-------+----------+-------------------------------------------
     0 | D:1      | kae the Draconian Transmuter began the quest for the Orb.
     0 | D:1      | Reached XP level 1. HP: 16/16 MP: 3/3
   288 | D:1      | Reached XP level 2. HP: 22/23 MP: 3/5
  1030 | D:1      | Reached XP level 3. HP: 27/28 MP: 4/6
  1034 | D:1      | Learned a level 3 spell: Spider Form
  1485 | D:2      | Noticed a necrophage
  1502 | D:2      | HP: 1/25 [necrophage (5)]
  1502 | D:2      | Slain by a necrophage

Illustrated notes

Levels and vault maps discovered:
D:1:      dpeg_arrival_court, layout_basic
D:2:      layout_basic, basic_altar, serial_shops, shop,
          dreamdust_ecumenical_altar_drowned_temple

Skill      XL: |  1  2 |
---------------+-------+-----
Dodging        | 2 |  2.0
Fighting       | |  1.5
Unarmed Combat | |  3.3
Spellcasting   | |  2.1
Transmutations | |  2.6

Action                   || total
-------------------------++-------
Melee: Unarmed           ||    88
       Tailslap          ||     9
       Kick              ||     4
       Headbutt          ||     6
       Punch             ||     3
 Cast: Beastly Appendage ||    18
       Spider Form       ||     1
  Use: Scroll            ||     7
Armor: Skin              ||    31
Dodge: Dodged            ||    55

Table legend: (Time is in decaauts)
 A = Elapsed time spent in this place.
 B = Non-inter-level travel time spent in this place.
 C = Inter-level travel time spent in this place.
 D = Time resting spent in this place.
 E = Time spent auto-exploring this place.
 F = Levels seen in this place.
 G = Mean time per level.
                   A        B        C        D        E       F      G
               +--------+--------+--------+--------+--------+-----+--------+
         Total |   1496 |   1488 |      8 |     24 |   1230 |   2 |  748.0 |
       Dungeon |   1496 |   1488 |      8 |     24 |   1230 |   2 |  748.0 |
               +--------+--------+--------+--------+--------+-----+--------+

Top non-repeatable levels by time:
     D:1: 1307 daAuts
     D:2: 189 daAuts
